AoeStats
← 化劲省二

Fortress

507060045Analyzed
4v4 RM · 17d ago on Sep 16, 2026· 46m 37s· 8 players
Game mode
Random Map
Map size
Huge
Population
200
Speed
Normal
Resources
Standard
Victory
Conquest
Starting age
Dark Age
Ending age
Imperial Age
RankedLock teamsTeams togetherTeam positionsShared explorationLock speedFull tech treeHidden civsTurbo modeCheats
Victory
Defeat
🇨🇳 Berbers · China
1155
+8
🇨🇳 Spanish · China
1079
+10
🇨🇳 Mongols · China
1049
+12
🇭🇰 Bohemians · Hong Kong SAR China
893
+17
🇹🇼 Teutons · Taiwan
979
-13
🇨🇭 Byzantines · Switzerland
967
-12
🇨🇭 Lithuanians · Switzerland
945
-12
🇺🇸 Mongols · United States
906
-10
FatDuke3
1:31 Loom
6:47 Feudal Age
7:49 Horse Collar
7:56 Double-Bit Axe
16:31 Castle Age
14:31 Gold Mining
15:13 Fletching
16:15 Stone Mining
16:50 Padded Archer Armor
17:03 Bloodlines
17:48 Bow Saw
17:47 Heavy Plow
19:33 Husbandry
21:02 Town Watch
21:53 Wheelbarrow
21:59 Bodkin Arrow
25:53 Leather Archer Armor
27:38 Hand Cart
27:48 Ballistics
29:48 Thumb Ring
33:28 Imperial Age
33:36 Masonry
35:25 Chemistry
34:27 Bracer
34:55 Parthian Tactics
34:54 Elite Mangudai
36:26 Conscription
37:14 Siege Engineers
41:01 Forging
40:57 Scale Barding Armor
42:52 Hoardings
42:39 Town Patrol
42:16 Light Cavalry
43:58 Iron Casting
43:43 Chain Barding Armor
orb.blue
0:31 Loom
8:06 Feudal Age
11:44 Castle Age
10:02 Double-Bit Axe
11:07 Horse Collar
16:07 Bow Saw
19:08 Wheelbarrow
19:14 Heavy Plow
19:44 Treadmill Crane
20:08 Murder Holes
22:06 Fletching
24:54 Imperial Age
23:26 Hand Cart
23:55 Fletching
24:13 Scale Barding Armor
28:15 Chemistry
27:31 Bodkin Arrow
28:27 Bracer
29:46 Gold Mining
30:19 Chain Barding Armor
30:10 Forging
31:04 Hoardings
32:03 Logistica
33:00 Iron Casting
33:03 Crop Rotation
33:47 Elite Cataphract
spachtel
4:03 Loom
8:31 Feudal Age
9:09 Double-Bit Axe
13:28 Castle Age
11:37 Stone Mining
12:36 Horse Collar
18:40 Fervor
18:56 Town Watch
19:49 Gold Mining
21:42 Husbandry
22:52 Heavy Plow
23:30 Wheelbarrow
23:48 Bloodlines
24:11 Scale Barding Armor
25:28 Sanctity
29:57 Imperial Age
28:04 Forging
28:56 Chain Barding Armor
29:10 Bow Saw
30:55 Redemption
33:10 Two-Man Saw
32:42 Crop Rotation
32:48 Conscription
34:21 Chemistry
33:41 Ballistics
33:32 Masonry
33:09 Cavalier
38:55 Squires
38:15 Pikeman
38:50 Halberdier
40:09 Heresy
41:01 Devotion
41:47 Iron Casting
41:49 Plate Barding Armor
42:40 Paladin
森永
6:05 Loom
8:09 Feudal Age
15:29 Castle Age
12:56 Man-at-Arms
13:50 Forging
14:48 Arson
15:07 Scale Mail Armor
15:01 Double-Bit Axe
15:00 Horse Collar
16:55 Squires
16:15 Long Swordsman
26:53 Elite Skirmisher
27:33 Fletching
27:44 Padded Archer Armor
28:47 Bodkin Arrow
30:00 Wheelbarrow
29:54 Bow Saw
32:37 Leather Archer Armor
39:51 Imperial Age
37:43 Pikeman
39:05 Iron Casting
38:46 Chain Mail Armor
39:18 Ballistics
40:11 Halberdier
41:15 Hand Cart
40:50 Town Watch
42:12 Chemistry
41:02 Gambesons
从不压堡之人
7:07 Feudal Age
5:35 Loom
10:41 Castle Age
9:02 Double-Bit Axe
9:23 Horse Collar
14:17 Loom
18:29 Wheelbarrow
20:16 Heavy Plow
20:34 Bow Saw
21:54 Hand Cart
26:17 Imperial Age
24:15 Caravan
26:19 Redemption
26:31 Sanctity
26:21 Fervor
26:31 Sanctity
26:21 Fervor
26:19 Inquisition
27:31 Gold Mining
27:31 Stone Mining
28:27 Theocracy
28:08 Block Printing
28:18 Illumination
28:07 Guilds
30:25 Chemistry
29:27 Fletching
29:42 Scale Barding Armor
30:51 Atonement
32:44 Two-Man Saw
32:33 Conscription
32:34 Supremacy
33:42 Devotion
34:23 Ballistics
34:02 Bodkin Arrow
36:03 Bracer
36:04 Padded Archer Armor
36:24 Chain Barding Armor
36:57 Town Watch
37:53 Stone Shaft Mining
37:32 Arrowslits
37:38 Guard Tower
37:49 Capped Ram
39:07 Elite Conquistador
42:46 Plate Barding Armor
43:11 Siege Ram
45:28 Leather Archer Armor
45:15 Husbandry
45:25 Bloodlines
45:25 Town Patrol
夜清尘
7:12 Feudal Age
11:09 Castle Age
9:16 Horse Collar
9:31 Double-Bit Axe
11:59 Loom
12:50 Wheelbarrow
12:56 Bow Saw
27:12 Town Watch
30:11 Imperial Age
27:48 Caravan
31:13 Hand Cart
31:01 Town Patrol
31:19 Wagenburg Tactics
31:44 Conscription
32:28 Murder Holes
32:15 Treadmill Crane
33:35 Chemistry
34:04 Two-Man Saw
33:13 Heavy Plow
33:05 Elite Hussite Wagon
34:32 Siege Engineers
35:21 Elite Genitour
36:57 Fletching
37:07 Padded Archer Armor
37:18 Forging
37:59 Ballistics
37:55 Bodkin Arrow
37:29 Houfnice
38:34 Leather Archer Armor
38:58 Bracer
40:17 Husbandry
我怕你审判长?
7:29 Feudal Age
11:11 Castle Age
9:21 Double-Bit Axe
9:28 Horse Collar
10:25 Fletching
12:19 Bodkin Arrow
13:23 Bow Saw
18:12 Ballistics
23:16 Stone Mining
25:19 Wheelbarrow
27:33 Imperial Age
25:23 Padded Archer Armor
26:31 Gold Mining
27:18 Stone Shaft Mining
29:01 Conscription
29:23 Parthian Tactics
28:59 Bracer
30:01 Chemistry
29:34 Heavy Plow
30:22 Gold Shaft Mining
30:53 Leather Archer Armor
30:48 Thumb Ring
30:57 Loom
31:27 Hand Cart
32:13 Bloodlines
32:03 Husbandry
33:07 Elite Mangudai
34:47 Scale Barding Armor
34:53 Light Cavalry
36:07 Hussar
39:54 Chain Barding Armor
39:17 Elite Genitour
40:38 Forging
化劲省二
6:46 Feudal Age
11:22 Castle Age
9:22 Horse Collar
9:37 Double-Bit Axe
11:33 Loom
18:02 Bow Saw
17:56 Heavy Plow
18:57 Wheelbarrow
22:23 Town Watch
22:54 Hand Cart
26:55 Imperial Age
26:08 Gold Mining
26:09 Stone Mining
26:43 Kasbah
27:28 Stone Shaft Mining
27:32 Gold Shaft Mining
28:15 Conscription
28:10 Fletching
28:21 Padded Archer Armor
29:08 Bodkin Arrow
30:27 Bloodlines
30:18 Husbandry
29:39 Cavalier
30:43 Scale Barding Armor
30:40 Bracer
31:43 Forging
31:54 Chain Barding Armor
31:50 Leather Archer Armor
32:13 Crop Rotation
31:42 Light Cavalry
33:01 Thumb Ring
33:55 Iron Casting
34:56 Plate Barding Armor
34:51 Ring Archer Armor
34:23 Scale Mail Armor
37:15 Blast Furnace
37:38 Hoardings
37:04 Maghrebi Camels
36:25 Elite Camel Archer
37:50 Chain Mail Armor
38:31 Town Patrol
37:57 Elite Genitour
38:05 Hussar
40:22 Caravan
40:33 Guilds
39:52 Heavy Camel Rider
43:31 Plate Mail Armor
Connection lost

Rejoining the realm…

Still unreachable

The connection could not be restored.

Session expired

The server has moved on; the page needs a fresh start.